 Dungeon Crawl Stone Soup version 0.22-a0-512-g0943f25 (webtiles) character file.

79888 pk666 the Eclecticist (level 15, -3/79 HPs)
             Began as a Deep Elf Fire Elementalist on June 19, 2018.
             Was a High Priest of Vehumet.
             Slain by an orc warlord
             ... wielding a +2 vampiric battleaxe
              (28 damage)
             ... on level 2 of the Orcish Mines.
             The game lasted 02:01:13 (32083 turns).

pk666 the Eclecticist (Deep Elf Fire Elementalist) Turns: 32083, Time: 02:01:15

Health: -3/79      AC:  8    Str:  8    XL:     15   Next: 22%
Magic:  2/38       EV: 21    Int: 31    God:    Vehumet [*****.]
Gold:   1783       SH:  0    Dex: 15    Spells: 15/48 levels left

rFire    + + .     SeeInvis +   S - staff of summoning
rCold    + . .     Gourm    .   (no shield)
rNeg     . . .     Faith    .   V - +1 robe {rC+ rF+}
rPois    +         Spirit   .   g - +0 hat
rElec    .         Reflect  .   w - +1 cloak
rCorr    .         Harm     .   h - +0 pair of gloves
MR       +....                  Z - +1 pair of boots
Stlth    ++........             C - amulet of the acrobat
HPRegen  0.23/turn              X - ring of see invisible
MPRegen  0.26/turn              b - ring "Zaomni" {*Drain rPois rF+ Str+3 Int+4}

@: no status effects
A: no striking features
a: Renounce Religion


You were on level 2 of the Orcish Mines.
You worshipped Vehumet.
Vehumet was extremely pleased with you.
You were hungry.

You visited 4 branches of the dungeon, and saw 24 of its levels.

You collected 1911 gold pieces.
You spent 128 gold pieces at shops.

Inventory:

Armour
 g - a +0 hat (worn)
 h - a +0 pair of gloves (worn)
 w - a +1 cloak (worn)
 V - a +1 robe of resistance (worn)
 Z - a +1 pair of boots (worn)
Magical Staves
 S - an uncursed staff of summoning (weapon)
Jewellery
 b - the ring "Zaomni" (right hand) {*Drain rPois rF+ Str+3 Int+4}
   (You found it on level 6 of the Lair of Beasts)

   [ring of protection from fire]

   It affects your strength (+3).
   It affects your intelligence (+4).
   It protects you from fire.
   It protects you from poison.
   It causes draining when unequipped.
 j - an uncursed ring of magical power
 r - an uncursed ring of flight
 x - an uncursed amulet of magic regeneration
 A - a +3 ring of evasion
 C - an amulet of the acrobat (around neck)
 M - a cursed ring of loudness {unknown}
 X - a ring of see invisible (left hand)
Wands
 o - a wand of clouds (6)
 t - a wand of polymorph (34)
 u - a wand of digging (6)
 B - a wand of flame (83)
 G - a wand of scattershot (5)
 J - a wand of disintegration (23)
 P - a wand of iceblast (30)
 T - a wand of random effects (18)
 U - a wand of acid (23)
 Y - a wand of enslavement (26)
Scrolls
 d - 11 scrolls of identify
 f - a scroll of immolation
 m - 2 scrolls of amnesia
 p - 4 scrolls of remove curse
 s - a scroll of silence
 v - 2 scrolls of blinking
 y - 7 scrolls of teleportation
 z - 4 scrolls of enchant armour
 E - a scroll of magic mapping
 F - a scroll of enchant weapon
 H - 4 scrolls of fear
Potions
 e - 4 potions of might
 i - 5 potions of flight
 k - 11 potions of curing
 l - 6 potions of haste
 n - 8 potions of agility
 q - 2 potions of mutation
 I - a potion of cancellation {unknown}
 K - 2 potions of resistance
 N - 2 potions of invisibility
 Q - 3 potions of heal wounds
 R - 2 potions of magic
 W - 4 potions of lignification
Miscellaneous
 L - a lightning rod (4/4)
 O - a lamp of fire
Comestibles
 c - 29 rations


   Skills:
 + Level 3.7 Fighting
 + Level 12.3 Dodging
 - Level 2.4 Stealth
 + Level 17.4 Spellcasting
 + Level 15.2 Conjurations
 + Level 5.7 Necromancy
 + Level 15.1 Fire Magic
 + Level 1.4 Earth Magic


You had 15 spell levels left.
You knew the following spells:

 Your Spells              Type           Power        Failure   Level  Hunger
a - Flame Tongue          Conj/Fire      #####        0%          1    None
b - Sticky Flame          Conj/Fire      #######.     1%          4    None
c - Conjure Flame         Conj/Fire      #######.     0%          3    None
d - Borgnjor's Vile Clut  Necr/Erth      #####.....   10%         5    None
l - Blink                 Tloc           N/A          2%          2    None
s - Iron Shot             Conj/Erth      ######....   2%          6    #......
x - Orb of Destruction    Conj           #######...   1%          7    ####...
z - Fireball              Conj/Fire      #######...   1%          5    None

Your spell library contained the following spells:

 Spells                   Type           Power        Failure   Level  Hunger
 Bolt of Magma            Conj/Fire/Erth #######...   1%          5    None
 Confuse                  Hex            ####....     4%          3    None
 Throw Flame              Conj/Fire      ######       0%          2    None
 Mephitic Cloud           Conj/Pois/Air  ######..     1%          3    None
 Venom Bolt               Conj/Pois      ######....   1%          5    None
 Olgreb's Toxic Radiance  Pois           ####....     4%          4    None
 Teleport Other           Tloc           ####....     4%          3    None
 Sting                    Conj/Pois      ####         1%          1    None
 Tukima's Dance           Hex            ####....     4%          3    None
 Ensorcelled Hibernation  Hex/Ice        ####..       2%          2    None
 Shatter                  Erth           #####.....   100%        9    #######
 Corona                   Hex            ####...      1%          1    None
 Sandblast                Erth           #####.       1%          1    None
 Passage of Golubria      Tloc           N/A          16%         4    None
 Shroud of Golubria       Chrm/Tloc      ####......   2%          2    None
 Inner Flame              Hex/Fire       ######..     1%          3    None
 Iskenderun's Battlesphe  Conj/Chrm      ######..     1%          5    None
 Dazzling Spray           Conj/Hex       ######       1%          3    None
 Infusion                 Chrm           ####         1%          1    None
 Spellforged Servitor     Conj/Summ      #######...   16%         7    ####...
 Gell's Gravitas          Tloc           ####......   4%          3    None
 Lesser Beckoning         Tloc           ####......   4%          3    None
 Poisonous Vapours        Pois/Air       ####..       2%          2    None


Dungeon Overview and Level Annotations

Branches:
Dungeon (15/15)            Temple (1/1) D:6            Lair (6/6) D:10
  Swamp (0/4) Lair:3       Spider (0/4) Lair:2        Slime (0/5) Lair:5
    Orc (2/2) D:11         Vaults (0/5) D:13         Depths (0/5) D:15
    Elf: Orc:2

Altars:
Ashenzari
Cheibriados
Dithmenos
Elyvilon
Fedhas
Gozag
Hepliaklqana
Kikubaaqudgha
Makhleb
Nemelex Xobeh
Okawaru
Qazlal
Ru
Sif Muna
Trog
Uskayaw
Vehumet
Wu Jian
Xom
Yredelemnul
Zin
The Shining One
Beogh

Shops:
D:8 !   D:9 =   D:13 }   Orc:2 [=

Annotations:
D:6 , 1 runed door, Protee's ghost, novice BaFi
D:13 3 runed doors, Ynaistral's ghost, journeyman MiFi
Lair:5 3 runed doors, pk666's ghost, journeyman DEFE
Lair:6 2 runed doors


Message History

Confirm with . or Enter, or press ? or * to list all spells.
Aiming: Orb of Destruction (safe; 1% risk of failure)
Press: ? - help, Shift-Dir - straight line, f/p - orc warlord
Aim: an orc warlord, wielding a vampiric battleaxe and wearing a chain mail (flame, heavily wounded)
The wavering orb of destruction weakly hits the orc warlord.
The orc warlord is almost dead.
The orc warlord is engulfed in blazing flames.
The orc warlord hits you with a vampiric battleaxe!!
Casting: Orb of Destruction (safe; 1% risk of failure)
Confirm with . or Enter, or press ? or * to list all spells.
Aiming: Sticky Flame (safe; 1% risk of failure)
Press: ? - help, Shift-Dir - straight line, f/p - orc warlord
Aim: an orc warlord, wielding a vampiric battleaxe and wearing a chain mail (flame, almost dead)
The sticky flame hits the orc warlord.
The orc warlord is almost dead.
The orc warlord is covered in liquid flames!
The orc warlord burns!
The orc warlord is engulfed in blazing flames.
The orc warlord hits you with a vampiric battleaxe!!
You die...

................##..[............
#..######.......).[[[...#........
...# #.........[.#[...........
...# +........#..[#...((......
...######......###.)...((........
#.............## #..<[...........
#.#.######.#...###.[.............
...####.#.###.#.#o#.)............
. #.....###..@................
##.###.#.## #.....).............
........## ##...[...<..........
#######..#######.)..............
#. ##.##..................... #.
#........................ #..
####.......................
'###'##8.#...##..................
.†..)).).'.8.#...##..............


You could see an orc warlord (burning).

Vanquished Creatures
  Rupert (D:14)
  A frost giant (D:15)
  A stone giant (Orc:1)
  A yaktaur captain (D:13)
  The ghost of Qithir the Frost Mage, a journeyman GnWn of Qazlal (D:12)
  9 hydras
  15 two-headed ogres
  5 centaur warriors (D:15)
  2 ogre magi (D:15)
  2 tengu warriors
  Urug (D:11)
  Sonja (D:13)
  2 skeletal warriors (D:15)
  4 unseen horrors
  A lindwurm (Lair:6)
  Pikel (D:5)
  2 deep elf magi
  A wolf spider zombie (D:12)
  An orc sorcerer (Orc:2)
  A cyclops (D:14)
  2 orc knights
  3 centaur zombies
  5 elephants (Lair:4)
  Maurice (D:11)
  An ice statue (Lair:6)
  5 centaur skeletons
  Psyche (D:9)
  10 black mambas
  5 spiny frogs
  3 molten gargoyles (Lair:6)
  10 komodo dragons
  A freezing wraith (D:15)
  3 rime drakes
  A gargoyle (D:12)
  5 kobold demonologists
  A tengu conjurer (D:14)
  An ice devil (Lair:6)
  An efreet (D:14)
  3 yaktaurs
  6 trolls
  3 meliai (D:14)
  5 polar bears
  5 jumping spiders (Lair:2)
  2 hornets (D:8)
  13 hippogriffs
  2 redbacks (Lair:2)
  A shadow (D:14)
  4 wyverns
  A water elemental (D:15)
  8 yaks
  Eustachio (D:5)
  3 wraiths
  4 basilisks
  A golden eye (shapeshifter) (D:14)
  3 steam dragons (Lair:6)
  Menkaure (D:5)
  2 wargs (Orc:1)
  3 insubstantial wisps
  2 soldier ants
  10 water moccasins
  3 hell hounds (Lair:6)
  8 porcupines
  24 orc warriors
  2 black bears
  3 phantoms
  8 sky beasts
  9 ice beasts
  17 ogres
  A necrophage (D:6)
  2 eyes of draining
  6 wolves
  13 centaurs
  13 crocodiles
  14 bullfrogs
  4 big kobolds
  3 scorpions
  3 wyvern skeletons
  A water moccasin skeleton (D:11)
  11 killer bees
  6 wights
  4 electric eels
  4 howler monkeys
  3 crimson imps
  5 lava snakes (Lair:6)
  7 hounds
  Crazy Yiuf (D:5)
  3 bullfrog zombies
  15 orc priests
  Ijyb (D:4)
  16 jellies
  21 orc wizards
  4 iguanas
  6 worker ants
  2 hound zombies
  3 hound skeletons
  5 gnolls
  16 adders
  3 shadow imps
  2 white imps (Lair:6)
  2 oozes
  An adder zombie (D:8)
  2 worms
  2 leopard geckos
  79 orcs
  11 bats
  5 giant cockroaches
  8 goblins
  5 hobgoblins
  9 jackals
  22 kobolds
  4 quokkas
  2 ball pythons (D:2)
  7 frilled lizards
  A leopard gecko zombie (D:7)
  9 rats
  3 fungi
639 creatures vanquished.

Vanquished Creatures (others)
  2 giant cockroaches (D:5)
  A ball python zombie (D:5)
  A frilled lizard (D:5)
  4 fungi
  4 plants
  2 withered plants (D:6)
14 creatures vanquished.

Grand Total: 653 creatures vanquished

Notes
Turn   | Place    | Note
-------+----------+-------------------------------------------
     0 | D:1      | pk666 the Deep Elf Fire Elementalist began the quest for the Orb.
     0 | D:1      | Reached XP level 1. HP: 10/10 MP: 6/6
   181 | D:1      | Reached XP level 2. HP: 15/15 MP: 4/8
   488 | D:1      | Reached XP level 3. HP: 2/19 MP: 2/10
  1588 | D:2      | Found a basalt altar of Yredelemnul.
  1607 | D:2      | Found a glowing golden altar of the Shining One.
  1735 | D:2      | Reached XP level 4. HP: 24/24 MP: 9/11
  1889 | D:2      | Reached skill level 4 in Spellcasting
  2111 | D:2      | Found an iron altar of Okawaru.
  2211 | D:2      | Noticed an angel
  2376 | D:3      | Found a faded altar of an unknown god.
  2413 | D:3      | Reached XP level 5. HP: 21/28 MP: 3/13
  2734 | D:3      | Found an ornate altar of the Wu Jian Council.
  3087 | D:4      | Got a pitted glass ring
  3091 | D:4      | Identified the ring "Pyntut" {rPois Stlth+} (You found it on level 4 of the Dungeon)
  3164 | D:4      | Found a shadowy altar of Dithmenos.
  3202 | D:4      | Noticed Ijyb
  3212 | D:4      | Killed Ijyb
  3350 | D:4      | Reached skill level 5 in Spellcasting
  3350 | D:4      | Reached XP level 6. HP: 32/32 MP: 11/15
  3419 | D:4      | Found a deep blue altar of Sif Muna.
  3439 | D:4      | Found a burning altar of Makhleb.
  3664 | D:4      | Reached skill level 5 in Fire Magic
  3743 | D:4      | Reached skill level 5 in Conjurations
  4023 | D:5      | Entered Level 5 of the Dungeon
  4038 | D:5      | Noticed a slave
  4048 | D:5      | Learned a level 4 spell: Sticky Flame
  4052 | D:5      | Learned a level 3 spell: Conjure Flame
  4058 | D:5      | Learned a level 5 spell: Fireball
  4063 | D:5      | Noticed Pikel
  4063 | D:5      | Noticed a slave
  4066 | D:5      | Noticed a slave
  4066 | D:5      | Noticed a slave
  4100 | D:5      | Killed Pikel
  4100 | D:5      | Reached skill level 7 in Spellcasting
  4100 | D:5      | Reached XP level 7. HP: 30/36 MP: 0/19
  4237 | D:5      | Noticed Menkaure
  4255 | D:5      | Reached XP level 8. HP: 21/41 MP: 7/20
  4279 | D:5      | Killed Menkaure
  4546 | D:5      | Noticed Eustachio
  4556 | D:5      | Killed Eustachio
  4614 | D:5      | Found a shattered altar of Ashenzari.
  4811 | D:5      | Found a runed door.
  4815 | D:5      | Noticed Crazy Yiuf
  4826 | D:5      | Killed Crazy Yiuf
  4826 | D:5      | Reached skill level 8 in Spellcasting
  5154 | D:6      | Found a staircase to the Ecumenical Temple.
  5193 | Temple   | Entered the Ecumenical Temple
  5385 | Temple   | Became a worshipper of Vehumet
  5435 | D:6      | Found a transporter.
  5686 | D:6      | Found a runed door.
  5687 | D:6      | Noticed Protee's ghost (novice BaFi)
  5708 | D:6      | Found a transporter.
  6307 | D:7      | Noticed a hippogriff
  6310 | D:7      | Killed a hippogriff
  6310 | D:7      | Reached skill level 9 in Spellcasting
  6310 | D:7      | Reached XP level 9. HP: 45/45 MP: 21/24
  6999 | D:7      | Found a hide-covered altar of Uskayaw.
  7232 | D:7      | Found a shimmering altar of Xom.
  7474 | D:8      | Noticed a two-headed ogre
  7512 | D:8      | Found Yczas's Distillery.
  7528 | D:8      | Bought a potion of heal wounds for 80 gold pieces
  7528 | D:8      | Bought a potion of curing for 48 gold pieces
  7621 | D:8      | Killed a two-headed ogre
  7621 | D:8      | Reached skill level 10 in Spellcasting
  7868 | D:8      | Noticed a seven-headed hydra
  8086 | D:8      | Noticed a two-headed ogre
  8107 | D:8      | Killed a two-headed ogre
  8107 | D:8      | Reached * piety under Vehumet
  8107 | D:8      | Offered knowledge of Freeze by Vehumet.
  8107 | D:8      | Reached skill level 11 in Spellcasting
  8107 | D:8      | Reached XP level 10. HP: 20/50 MP: 23/27
  8368 | D:8      | Killed a seven-headed hydra
  8368 | D:8      | Reached skill level 10 in Conjurations
  8368 | D:8      | Reached skill level 10 in Fire Magic
  8809 | D:8      | Reached skill level 12 in Spellcasting
  9019 | D:8      | Found a white marble altar of Elyvilon.
  9186 | D:9      | Noticed Psyche
  9191 | D:9      | Killed Psyche
  9509 | D:9      | Found Tuijuac's Jewellery Shop.
  9709 | D:9      | Noticed a two-headed ogre
  9721 | D:9      | Killed a two-headed ogre
  9865 | D:9      | Noticed a two-headed ogre
  9879 | D:9      | Killed a two-headed ogre
  9879 | D:9      | Reached XP level 11. HP: 54/54 MP: 18/29
  9931 | D:9      | Found a bloodstained altar of Trog.
  9965 | D:9      | Reached ** piety under Vehumet
  9970 | D:9      | Offered knowledge of Throw Frost by Vehumet.
 10393 | D:9      | Noticed an unseen horror
 10396 | D:9      | Killed an unseen horror
 10396 | D:9      | Reached skill level 13 in Spellcasting
 10524 | D:10     | Entered Level 10 of the Dungeon
 10567 | D:10     | Noticed a two-headed ogre
 10598 | D:10     | Killed a two-headed ogre
 10937 | D:10     | Noticed a two-headed ogre
 10948 | D:10     | Killed a two-headed ogre
 10954 | D:10     | Found a staircase to the Lair.
 11044 | D:10     | Found a blossoming altar of Fedhas.
 11372 | Lair:1   | Entered Level 1 of the Lair of Beasts
 11385 | Lair:1   | Reached skill level 5 in Dodging
 12432 | Lair:1   | Offered knowledge of Ignite Poison by Vehumet.
 12906 | Lair:2   | Noticed an eight-headed hydra
 12916 | Lair:2   | Killed an eight-headed hydra
 12916 | Lair:2   | Reached skill level 14 in Spellcasting
 12916 | Lair:2   | Reached XP level 12. HP: 59/59 MP: 20/32
 12995 | Lair:2   | Found a hide-covered altar of Uskayaw.
 13043 | Lair:2   | Noticed a seven-headed hydra
 13047 | Lair:2   | Killed a seven-headed hydra
 13418 | Lair:2   | Reached *** piety under Vehumet
 13607 | Lair:2   | Found a hole to the Spider Nest.
 14777 | Lair:3   | You fall through a shaft for 2 floors!
 14794 | Lair:5   | Offered knowledge of Iskenderun's Mystic Blast by Vehumet.
 15156 | Lair:5   | Found a staircase to the Slime Pits.
 15353 | Lair:5   | Noticed pk666's ghost (journeyman DEFE)
 15362 | Lair:5   | Found a runed gate.
 15362 | Lair:5   | Found a runed gate.
 15364 | Lair:5   | Found a runed gate.
 16341 | Lair:3   | Found a staircase to the Swamp.
 17676 | Lair:4   | Identified a scroll of acquirement
 17840 | Lair:3   | Learned a level 7 spell: Orb of Destruction
 17847 | Lair:3   | Learned a level 6 spell: Iron Shot
 17855 | Lair:4   | Reached skill level 15 in Spellcasting
 18047 | Lair:4   | Reached **** piety under Vehumet
 19310 | Lair:6   | Entered Level 6 of the Lair of Beasts
 19312 | Lair:6   | Reached XP level 13. HP: 63/63 MP: 29/34
 19450 | Lair:6   | Offered knowledge of Bolt of Draining by Vehumet.
 19857 | Lair:6   | Got a slimy tin ring
 19871 | Lair:6   | Identified the ring "Zaomni" {*Drain rPois rF+ Str+3 Int+4} (You found it on level 6 of the Lair of Beasts)
 20383 | Lair:6   | Noticed a fire dragon
 20729 | Lair:6   | Found a large runed door.
 20730 | Lair:6   | Found a large runed door.
 20766 | Lair:6   | Reached ***** piety under Vehumet
 20766 | Lair:6   | Offered knowledge of Irradiate by Vehumet.
 21108 | Lair:6   | Reached skill level 10 in Dodging
 21336 | Lair:6   | Learned a level 2 spell: Blink
 21529 | Lair:6   | Reached skill level 16 in Spellcasting
 22426 | D:11     | Noticed Maurice
 22437 | D:11     | Killed Maurice
 22686 | D:11     | Noticed Urug
 22697 | D:11     | Killed Urug
 23446 | D:11     | Found a roughly hewn altar of Beogh.
 23446 | D:11     | Found a staircase to the Orcish Mines.
 24316 | D:12     | Reached XP level 14. HP: 54/68 MP: 27/36
 24389 | D:12     | Offered knowledge of Airstrike by Vehumet.
 24814 | D:12     | Found a runed gate.
 24815 | D:12     | Found a runed gate.
 24815 | D:12     | Noticed Qithir's ghost (journeyman GnWn)
 24816 | D:12     | Found a runed gate.
 25047 | D:12     | Killed Qithir's ghost
 25162 | D:12     | Identified the Volume of Augmentations and the Rocks
 25249 | D:12     | Learned a level 5 spell: Borgnjor's Vile Clutch
 25276 | D:13     | Noticed Sonja
 25280 | D:13     | Killed Sonja
 25578 | D:13     | Reached skill level 1 in Necromancy
 25676 | D:13     | Found a gate to the Vaults.
 25929 | D:13     | Found Ceneu's Gadget Emporium.
 26057 | D:13     | Found a runed gate.
 26057 | D:13     | Found a runed gate.
 26057 | D:13     | Found a runed gate.
 26058 | D:13     | Noticed Ynaistral's ghost (journeyman MiFi)
 26237 | D:14     | Reached skill level 1 in Fighting
 27553 | D:14     | Found a snail-covered altar of Cheibriados.
 27559 | D:14     | Noticed Rupert
 27567 | D:14     | Killed Rupert
 28050 | D:15     | Entered Level 15 of the Dungeon
 28281 | D:15     | Reached skill level 17 in Spellcasting
 28419 | D:15     | Offered knowledge of Yara's Violent Unravelling by Vehumet.
 28892 | D:15     | Found a staircase to the Depths.
 28892 | D:15     | Noticed a frost giant
 28895 | D:15     | Killed a frost giant
 29130 | D:15     | Reached skill level 15 in Conjurations
 29130 | D:15     | Reached skill level 15 in Fire Magic
 29142 | D:15     | Reached skill level 5 in Necromancy
 29286 | D:15     | Reached XP level 15. HP: 68/78 MP: 16/38
 30026 | Orc:1    | Entered Level 1 of the Orcish Mines
 30465 | Orc:2    | Entered Level 2 of the Orcish Mines
 30691 | Orc:2    | Found Ohameoce's Jewellery Emporium.
 30923 | Orc:1    | Reached skill level 1 in Earth Magic
 31275 | Orc:2    | Found a roughly hewn altar of Beogh.
 31421 | Orc:2    | Found Uphinit's Armour Shop.
 31955 | Orc:2    | Noticed an orc warlord
 32083 | Orc:2    | Slain by an orc warlord

Vault maps used:
D:1:      sevenhm_arrival_forest_fort_large_4
D:2:      minmay_wonky_spiral, grunt_temple_overflow_holy_war,
          lemuel_coloured_pillars_altar, first_ration
D:3:      lemuel_doored_altar, chequers_ecumenical_altar_simple_redux
D:4:      makhleb_heckhound_becter, lemuel_round_altar,
          overflow_temple_1_default, uniq_ijyb
D:5:      old_standard_altar, uniq_menkaure, uniq_crazy_yiuf_cottage,
          uniq_eustachio, uniq_pikel
D:6:      gammafunk_steamed_eel, temple_pool_b, gammafunk_ghost_grave
D:7:      kennysheep_little_box, kennysheep_mini_moat
D:8:      minmay_cornered_nines, overflow_temple_1_default, serial_shops, shop,
          hangedman_pestilent_swarm
D:9:      bloody_trog, serial_shops, shop, uniq_psyche
D:10:     lair_entry_dummy, fedhas_altar_2
D:11:     david_orc_5, uniq_maurice, uniq_urug
D:12:     gammafunk_ghost_hydra_chop, minmay_misc_feat_tower
D:13:     david_vaults_2, serial_shops, shop, gammafunk_ghost_necromancy,
          uniq_sonja
D:14:     kennysheep_cross_room, grunt_ministairs_2, serial_bayou_pond_c,
          minmay_misc_feat_iff, cheibriados_altar_1, uniq_rupert
D:15:     grunt_enter_depths_snipers, serial_park_tiny_1, fountainhead,
          grunt_decor_arrowhead
Temple:   chequers_temple_sunken
Lair:1:   cheibrodos_lair_reptile_den
Lair:2:   wad_woods_structure_01, nicolae_spider_entry_tight_spaces, basic_altar
Lair:3:   minmay_swamp_entry_wisps, lightli_volcano_entry_magma_tube,
          cheibrodos_lair_lostbears
Lair:4:   infiniplex_staircase_pool
Lair:5:   minmay_slime_entry_jelly_boxes, gammafunk_ghost_split
Lair:6:   cheibrodos_lair_end_hotspot, ice2_lemuel
Orc:1:    serial_shops, nicolae_shop_overgrown_old_shop
Orc:2:    grunt_orc_community_town_hall, grunt_orc_community_big_house_1,
          grunt_orc_community_big_house_2, grunt_orc_community_house_2,
          grunt_orc_community_house_3, grunt_orc_community_house_3,
          grunt_orc_community_house_1, serial_shops, shop_statue

Skill      XL: |  1  2  3  4  5  6  7  8  9 10 11 12 13 14 15 |
---------------+----------------------------------------------+-----
Conjurations   | 2 3 4 6 7 9 11 12 13 14 15 | 15.2
Spellcasting   | 4 5 7 9 11 12 14 15 16 17 | 17.4
Fire Magic     | 4 6 7 9 11 12 13 14 15 | 15.1
Dodging        | 6 8 10 12 | 12.3
Necromancy     | 5 |  5.7
Fighting       | 3 |  3.7
Earth Magic    | 1 |  1.4
Stealth        | |  2.4

Action                   |  1- 3 |  4- 6 |  7- 9 | 10-12 | 13-15 || total
-------------------------+-------+-------+-------+-------+-------++-------
Melee: Unarmed           |     1 |    12 |    29 |    16 |       ||    58
       Staff             |       |       |       |       |     4 ||     4
 Cast: Flame Tongue      |    62 |   119 |   195 |   292 |    43 ||   711
       Conjure Flame     |       |     1 |    12 |    39 |    14 ||    66
       Fireball          |       |       |     7 |    91 |   209 ||   307
       Sticky Flame      |       |       |     3 |    68 |    18 ||    89
       Orb of Destructio |       |       |       |    16 |   101 ||   117
       Iron Shot         |       |       |       |       |    86 ||    86
       Blink             |       |       |       |       |     1 ||     1
 Abil: Evoke Flight      |       |       |       |       |     1 ||     1
  Use: Scroll            |       |       |       |    18 |    12 ||    30
       Potion            |       |       |       |     1 |     3 ||     4
 Stab: Confused          |       |     3 |       |       |       ||     3
  Eat: Chunk             |     2 |     6 |    12 |    34 |    45 ||    99
       Ration            |       |       |     1 |     2 |     5 ||     8
Armor: Robe              |     4 |     6 |    14 |    26 |    25 ||    75
       Skin              |       |     1 |       |       |       ||     1
Dodge: Dodged            |    13 |    35 |    82 |   148 |   140 ||   418

Table legend:
 A = Spawn XP
 B = Non-spawn XP
 C = Spawn XP percentage of total XP
 D = Spawn monster count
 E = Non-spawn monster count
 F = Spawn count percentage of total count
 G = Total turns spent on level
                    A         B        C        D         E        F      G
               +---------+---------+-------+---------+---------+-------+---------
         Total |       0 |  114127 |   0.0 |       0 |     636 |   0.0 | 32083
               +---------+---------+-------+---------+---------+-------+---------
           D:1 |       0 |      56 |   0.0 |       0 |      24 |   0.0 |  1343
           D:2 |       0 |      88 |   0.0 |       0 |      27 |   0.0 |   912
           D:3 |       0 |      89 |   0.0 |       0 |      14 |   0.0 |   807
           D:4 |       0 |     408 |   0.0 |       0 |      21 |   0.0 |   966
           D:5 |       0 |    1298 |   0.0 |       0 |      11 |   0.0 |   995
           D:6 |       0 |     644 |   0.0 |       0 |      13 |   0.0 |  1075
           D:7 |       0 |    1068 |   0.0 |       0 |      20 |   0.0 |  1480
           D:8 |       0 |    5218 |   0.0 |       0 |      26 |   0.0 |  1361
           D:9 |       0 |    4916 |   0.0 |       0 |      30 |   0.0 |  1366
          D:10 |       0 |    3827 |   0.0 |       0 |      25 |   0.0 |   859
          D:11 |       0 |    5997 |   0.0 |       0 |      51 |   0.0 |  1965
          D:12 |       0 |    7893 |   0.0 |       0 |      38 |   0.0 |  1082
          D:13 |       0 |    2953 |   0.0 |       0 |      11 |   0.0 |   829
          D:14 |       0 |   12350 |   0.0 |       0 |      40 |   0.0 |  2199
          D:15 |       0 |   21540 |   0.0 |       0 |      44 |   0.0 |  1671
        Lair:1 |       0 |    3321 |   0.0 |       0 |      13 |   0.0 |  1808
        Lair:2 |       0 |    8301 |   0.0 |       0 |      31 |   0.0 |  1980
        Lair:3 |       0 |    2805 |   0.0 |       0 |      13 |   0.0 |  1774
        Lair:4 |       0 |    3816 |   0.0 |       0 |      12 |   0.0 |  1244
        Lair:5 |       0 |    2261 |   0.0 |       0 |      21 |   0.0 |  1460
        Lair:6 |       0 |   17089 |   0.0 |       0 |      64 |   0.0 |  2768
         Orc:1 |       0 |    2885 |   0.0 |       0 |      26 |   0.0 |   833
         Orc:2 |       0 |    5304 |   0.0 |       0 |      61 |   0.0 |  1087
               +---------+---------+-------+---------+---------+-------+---------
